 Dungeon Crawl Stone Soup version 0.29.1-15-g9cfb28693d (webtiles) character file.

Game seed: 4965472324730013695

50 Berahthraban the Conjurer (level 3, 24/24 HPs)
             Began as a Demonspawn Conjurer on Apr 10, 2023.
             Got out of the dungeon alive.
             The game lasted 00:07:27 (1104 turns).

Berahthraban the Conjurer (Demonspawn Conjurer)     Turns: 1104, Time: 00:07:27

Health: 24/24      AC:  7    Str:  7    XL:     3   Next: 55%
Magic:  3/7        EV: 11    Int: 21    God:
Gold:   81         SH:  0    Dex: 11    Spells: 5/8 levels left

rFire   . . .      SeeInvis .   k - +0 spear
rCold   . . .      Faith    .   (no shield)
rNeg    + + .      Spirit   .   q - +0 leather armour
rPois   .          Reflect  .   (no helmet)
rElec   .          Harm     .   (no cloak)
rCorr   .          Rampage  .   f - +0 pair of gloves
Will    .....                   j - +2 pair of boots
Stlth   +.........              (no amulet)
HPRegen 0.08/turn               d - ring of positive energy
MPRegen 0.10/turn               i - ring of positive energy

@: no status effects
A: hooves 1
a: no special abilities


You escaped.
You visited 1 branch of the dungeon, and saw 2 of its levels.

You collected 81 gold pieces.

Inventory:

Hand Weapons
 k - a +0 spear (weapon)
Missiles
 c - 2 atropa-tipped darts
Armour
 f - a +0 pair of gloves (worn)
 j - a +2 pair of boots (worn)
 q - a +0 leather armour (worn)
Jewellery
 d - a ring of positive energy (left hand)
 i - a ring of positive energy (right hand)
Wands
 a - a wand of iceblast (7)
Scrolls
 e - 3 scrolls of teleportation {unknown}
 g - a scroll of poison {unknown}
 h - 2 scrolls of identify {unknown}
 m - a scroll of acquirement {unknown}
 n - a scroll of magic mapping {unknown}
Potions
 b - a potion of magic
 l - a potion of curing {unknown}
 o - a potion of cancellation {unknown}
 p - a potion of flight {unknown}
 r - 2 potions of lignification {unknown}


   Skills:
 - Level 1.7 Dodging
 - Level 1.7 Stealth
 + Level 3.0 Spellcasting
 + Level 4.7 Conjurations


You had 5 spell levels left.
You knew the following spells:

 Your Spells              Type           Power      Damage    Failure   Level
u - Searing Ray           Conj           46%        2d6       4%          2
z - Magic Dart            Conj           92%        1d7       3%          1

Your spell library contained the following spells:

 Spells                   Type           Power      Damage    Failure   Level
 Dazzling Flash           Conj/Hex       26%        N/A       22%         3
 Fulminant Prism          Conj/Hex       6%         3d7       58%         4
 Iskenderun's Mystic Bla  Conj/Tloc      13%        2d5       58%         4
 Alistair's Intoxication  Tmut/Pois      2%         N/A       99%         5
 Borgnjor's Vile Clutch   Necr/Erth      1%         N/A       99%         5
 Eringya's Noxious Bog    Tmut/Pois      1%         N/A       100%        6


Dungeon Overview and Level Annotations

Branches:
Dungeon (2/15)

Altars:

Annotations:
D:1 cleared


Innate Abilities, Weirdness & Mutations

You have large cloven feet.


Message History

You hit the jackal.
You kill the jackal!
Casting: Magic Dart (safe; 3% risk of failure)
Confirm with . or Enter, or press ? or * to list all spells.
Aiming: Searing Ray (safe; 4% risk of failure)
Press: ? - help, Shift-Dir - straight line, f - quokka
Aim: a quokka (69% to hit)
The searing ray misses the quokka. (Press . to maintain the ray.)
The quokka barely misses you.
The searing ray hits the quokka.
The quokka is almost dead.
The quokka bites you but does no damage.
You closely miss the quokka.
The quokka is almost dead.
The quokka misses you.
You barely miss the quokka.
The quokka is almost dead.
The quokka misses you.
You hit the quokka.
You kill the quokka!
Your Spellcasting skill increases to level 3!
(D) Dungeon
Where to? (Enter - D:2 @ (x,y), ? - help)
What level of the Dungeon? (default 1, ? - help)
There is a stone staircase leading down here.
HP restored.
You see here a +0 chain mail.
There is a stone staircase leading up here.
You climb upwards.
Level annotation: cleared
There is a stone staircase leading down here.
There is an open door here.
There is a staircase leading out of the dungeon here.
Are you sure you want to leave the Dungeon?
This will make you lose the game!
Uppercase [Y]es or [N]o only, please.
Are you sure you want to leave the Dungeon?
This will make you lose the game!
Uppercase [Y]es or [N]o only, please.
Are you sure you want to leave the Dungeon?
This will make you lose the game!
You have escaped!

##..###.#....########...##....##
##.##..#....# #...##...##
#.##.##.##.### #..###..##
#..#.#..##...######..# #..#
##.#.#.###.#.#.......###..#####
###.#.#>###.....................
#............#####.#####........
#........##..#...#.#...#........
##...)....##..#.@.#.'.>.#........
##.......###..#...#.#...#........
..............##'##.#####........
..........##..............(......
..........#...#####.##'##........
..........#...#...#.#...#........
..............#...'.#...#........
..........#...#...#.#...#........
..............#####.#####........


There were no monsters in sight!

Vanquished Creatures
  2 adders (D:2)
  A dart slug (D:1)
  2 endoplasms (D:1)
  A giant cockroach (D:1)
  A goblin (D:1)
  3 hobgoblins
  3 jackals (D:2)
  2 quokkas (D:2)
  6 ball pythons
  4 bats (D:2)
  A kobold (D:1)
  3 rats (D:1)
29 creatures vanquished.

Notes
Turn   | Place    | Note
-------+----------+-------------------------------------------
     0 | D:1      | Berahthraban the Demonspawn Conjurer began the quest for
                  | the Orb.
     0 | D:1      | Reached XP level 1. HP: 13/13 MP: 3/3
   134 | D:1      | Found a faded altar of an unknown god.
   273 | D:1      | Gained mutation: You have large cloven feet. [demonic
                  | ancestry]
   273 | D:1      | Reached XP level 2. HP: 19/19 MP: 1/5
   635 | D:2      | Reached XP level 3. HP: 24/24 MP: 0/7
   679 | D:2      | Learned a level 2 spell: Searing Ray
  1104 | D:$      | Got out of the dungeon alive.

Illustrated notes

Levels and vault maps discovered:
D:1:      minmay_arrival_four_houses, layout_rooms,
          ebering_ecumenical_altar_abandoned
D:2:      layout_basic, chequers_arboretum, amethyst_killhole,
          kennysheep_cross_bottleneck

Skill      XL: |  1  2  3 |
---------------+----------+-----
Spellcasting   | 3 |  3.0
Dodging        | |  1.7
Stealth        | |  1.7
Conjurations   | |  4.7

Action                   || total
-------------------------++-------
Melee: Spear             ||    29
       Club              ||     2
 Cast: Magic Dart        ||    44
       Searing Ray       ||     2
Armor: Robe              ||    24
       Leather armour    ||     2
Dodge: Dodged            ||    22
